 Dungeon Crawl Stone Soup version 0.31-a0-187-gba352fbbf7 (webtiles) character file.

Game seed: 17844689717279652345

21 qw the Shooter (level 2, -2/16 HPs)
             Began as a Deep Elf Hunter on June 22, 2023.
             Slain by a kobold
             ... wielding a +0 short sword
              (3 damage)
             ... on level 1 of the Dungeon.
             The game lasted 00:00:13 (373 turns).

qw the Shooter (Deep Elf Hunter)                     Turns: 373, Time: 00:00:13

Health: -2/16      AC:  3    Str:  8    XL:     2   Next: 65%
Magic:  4/4        EV: 12    Int: 13    God:
Gold:   32         SH:  0    Dex: 18    Spells: 1/1 levels left

rFire   . . .        a - +0 shortbow
rCold   . . .        (shield currently unavailable)
rNeg    . . .        c - +0 leather armour
rPois   .            (no helmet)
rElec   .            (no cloak)
rCorr   .            (no gloves)
SInv    .            (no boots)
Will    .....        (no amulet)
Stlth   ++           (no ring)
HPRegen 0.22/turn    (no ring)
MPRegen 0.09/turn

%: no passive effects
@: no status effects
A: no striking features
a: no special abilities


You were on level 1 of the Dungeon.
You visited 1 branch of the dungeon, and saw 1 of its levels.

You collected 32 gold pieces.


   Skills:
 - Level 1.5 Fighting
 + Level 6.4 Ranged Weapons
 - Level 2.4 Dodging
 - Level 1.2 Stealth


You had one spell level left.
You didn't know any spells.
Your spell library was empty.

Inventory:

Hand Weapons
 a - a +0 shortbow (weapon)
Armour
 c - a +0 leather armour (worn)
Scrolls
 b - a scroll of butterflies
 d - 2 scrolls of fear {unknown}
Potions
 e - a potion of attraction {unknown}

Dungeon Overview and Level Annotations

Branches:
Dungeon (1/15)

Altars:


Message History

You kill the kobold!
You shoot an arrow. The arrow closely misses the goblin.
The kobold throws a stone.
The stone hits you but does no damage.
A kobold comes into view. It is wielding a +0 dagger.
You shoot an arrow. The kobold shouts!
The arrow hits the goblin.
You kill the goblin!
A bat comes into view.
An endoplasm comes into view.
The bat moves out of view.
You shoot an arrow. The endoplasm quivers.
The arrow hits the endoplasm.
The endoplasm is moderately wounded.
You shoot an arrow. The arrow barely misses the endoplasm.
You shoot an arrow. The arrow hits the endoplasm.
The endoplasm is severely wounded.
The endoplasm freezes you.
You are frozen.
You shoot an arrow. The arrow barely misses the endoplasm.
The kobold hits you with a +0 short sword.
The endoplasm misses you.
You shoot an arrow. The arrow hits the endoplasm.
You kill the endoplasm!
The kobold hits you but does no damage. The kobold misses you.
You shoot an arrow. The arrow closely misses the kobold.
The bat misses you. x2; The kobold barely misses you.
The kobold hits you with a +0 dagger. The bat hits you but does no damage.
The endoplasm misses you. The kobold barely misses you.
The kobold hits you but does no damage.
You shoot an arrow. The arrow barely misses the kobold.
The bat hits you but does no damage. x2; The kobold hits you with a +0 dagger.
The endoplasm hits you.
The kobold hits you with a +0 short sword.
You shoot an arrow. The arrow completely misses the kobold.
The bat closely misses you. The kobold closely misses you.
The endoplasm freezes you.
You are frozen.
The kobold hits you with a +0 short sword.
You die...

.........##.#
#####.##.##.# ... ..
#.#...#.# ..###.#
#.......# ...#...
###...### ##.8$..8. ##
#...# #...$.$).
.######...# #.......#
..........######.K...)..
.##...........b.@K......
####.............J......
. #.............#.......
..........#########.....
######....# #...# 8#8#
#....# ...# .... #....#
### #### +....# ...
....#


You could see an endoplasm, a bat and 2 kobolds.

Vanquished Creatures
  A ball python (D:1)
  2 bats (D:1)
  3 endoplasms (D:1)
  2 giant cockroaches (D:1)
  5 goblins (D:1)
  A frilled lizard (D:1)
  3 kobolds (D:1)
  A rat (D:1)
18 creatures vanquished.

Notes
Turn   | Place    | Note
-------+----------+-------------------------------------------
     0 | D:1      | qw the Deep Elf Hunter began the quest for the Orb.
     0 | D:1      | Reached XP level 1. HP: 12/12 MP: 3/3
     0 | D:1      | 0 ||| qw: Version: 0.3-a-9-g12657ce
     0 | D:1      | 0 ||| qw: Game counter: 2155
     0 | D:1      | 0 ||| qw: Always use a shield: true
     0 | D:1      | 0 ||| qw: God list: Okawaru
     0 | D:1      | 0 ||| qw: Allow faded altars: false
     0 | D:1      | 0 ||| qw: Do Orc after D:15 true
     0 | D:1      | 0 ||| qw: Do second Lair branch before Depths: true
     0 | D:1      | 0 ||| qw: Lair rune preference: random
     0 | D:1      | 0 ||| qw: Plans: Normal
     0 | D:1      | 0 ||| PLANNING D:1-11
    81 | D:1      | Reached skill level 6 in Ranged Weapons
    81 | D:1      | Reached XP level 2. HP: 16/16 MP: 4/4
   179 | D:1      | Found a faded altar of an unknown god.
   372 | D:1      | HP: 2/16 [kobold/+0 short sword (3)]
   373 | D:1      | Slain by a kobold

Levels and vault maps discovered:
D:1:      heliophobic_arrival_ceremonial_halls, layout_loops_cross,
          ebering_ecumenical_altar_abandoned, minmay_misc_feat_x,
          hangedman_glass_teeth, minmay_misc_feat_four_crosses

Skill      XL: |  1 |
---------------+----+-----
Ranged Weapons | 6 |  6.4
Fighting       | |  1.5
Dodging        | |  2.4
Stealth        | |  1.2

Action                     || total
---------------------------++-------
   Fire: Shortbow          ||    68
 Armour: Leather armour    ||    15
  Dodge: Dodged            ||    21

Table legend:
 A = Non-vault XP
 B = Vault XP
 C = Vault XP percentage of total XP
 D = Non-vault monster count
 E = Vault monster count
 F = Vault count percentage of total count
                 A         B        C        D         E       F
            +---------+---------+-------+---------+---------+-------
      Total |      31 |       0 |   0.0 |      18 |       0 |   0.0
            +---------+---------+-------+---------+---------+-------
        D:1 |      31 |       0 |   0.0 |      18 |       0 |   0.0
            +---------+---------+-------+---------+---------+-------
